 Dungeon Sprint DCSS version 0.19.4-10-g532645f (webtiles) character file.

14 equalderp2856 the Scratcher (level 2, -1/14 HPs)
             Began as a Felid Fighter on Feb 25, 2017.
             Was an Initiate of Gozag.
             Shot with an arrow by a centaur (11 damage)
             ... in the Dungeon (Sprint VII: "The Pits").
             The game lasted 00:00:46 (484 turns).

equalderp2856 the Scratcher (Felid Fighter)          Turns: 484, Time: 00:00:49

Health: -1/14      AC:  1    Str: 12    XL:     2   Next: 31%
Magic:  3/3        EV: 20    Int:  9    God:    Gozag
Gold:   225        SH:  0    Dex: 15    Spells: 0 memorised, 1 level left
                                        Lives:  0   Deaths: 0

rFire  . . .     SeeInvis +       - Unarmed
rCold  . . .     Gourm    .     (armour unavailable)
rNeg   . . .     Faith    .     (shield unavailable)
rPois  .         Spirit   .     (helmet unavailable)
rElec  .         Reflect  .     (cloak unavailable)
rCorr  .         Harm     .     (gloves unavailable)
MR     .....     NoTele   +     (boots unavailable)
Stlth  ++........               (no amulet)
                                (no ring)
                                (no ring)

@: gold aura, quick
A: no armour, no weapons or thrown items, stealth, claws 1, fangs 3, see
invisible, carnivore 3, speed 1, shaggy fur 1, slow metabolism 1, sharp paws
a: Potion Petition, Call Merchant, Bribe Branch, Renounce Religion


You were in the Dungeon.
You worshipped Gozag.
Gozag was aware of your devotion.
You were not hungry.

You visited 1 branch You collected 225 gold pieces.

Inventory:

Scrolls
 h - a scroll of blinking
 j - 3 scrolls of remove curse
 k - 5 scrolls of amnesia
 l - a scroll of summoning
Potions
 a - a potion of might
 d - a potion of heal wounds
 e - a potion of haste
 f - 4 potions of magic
 g - 3 potions of berserk rage
 i - 2 potions of invisibility
Comestibles
 b - 8 meat rations


   Skills:
 + Level 3.6 Fighting
 + Level 5.0 Dodging
 + Level 5.4 Unarmed Combat


You had one spell level left.
You didn't know any spells.

Dungeon Overview and Level Annotations

Branches:
Dungeon (1/1)

Altars:
Ashenzari
Cheibriados
Dithmenos
Elyvilon
Fedhas
Gozag
Hepliaklqana
Kikubaaqudgha
Makhleb
Nemelex Xobeh
Okawaru
Qazlal
Ru
Sif Muna
Trog
Uskayaw
Vehumet
Xom
Yredelemnul
Zin
The Shining One
Beogh
Jiyva
Lugonu


Innate Abilities, Weirdness & Mutations

You cannot wear armour.
You are incapable of wielding weapons or throwing items.
Your paws allow you to move quietly. (Stealth)
You have sharp claws.
You have razor-sharp teeth.
You have supernaturally acute eyesight. (SInv)
You are carnivorous and can eat meat at any time.
You cover ground quickly.
You are covered in fur. (AC +1)
You have a slow metabolism.
Your sharp claws are effective at attacking unaware monsters.


Message History

There is an open door here.
You see here an arrow.
You barely miss the quokka zombie. You bite the quokka zombie.
The quokka zombie is lightly damaged.
The quokka zombie closely misses you.
You barely miss the quokka zombie. You bite the quokka zombie.
The quokka zombie is heavily damaged.
The quokka zombie bites you.
You closely miss the quokka zombie.
The quokka zombie is heavily damaged.
The quokka zombie misses you.
The ufetubus shouts!
You claw the quokka zombie!
You destroy the quokka zombie!
Your Dodging skill increases to level 5!
The ball python hisses angrily.
The centaur shoots an arrow.
The arrow hits you!
Ouch! That really hurt!
You die...
Your body crumbles into a pile of gold.

######)))#.##...........
#%?(.')))'.##......#..#.
##########.##...........
#...........'...........
#+#####'#####......#..#.
#.....##...........
#####)#####'#####++
#.....##.......#
#..@..##.......#
###$####.......#
#.5c..##...<...#
......S.##.......#
#.5......##.......#
###########.......#
#########


You could see a centaur, an ufetubus and a ball python.

Vanquished Creatures
  An adder (D)
  A giant cockroach (D)
  2 quokkas (D)
  A kobold (D)
  A quokka zombie (D)
6 creatures vanquished.

Notes
Turn   | Place    | Note
-------+----------+-------------------------------------------
     0 | D        | equalderp2856 the Felid Fighter began the quest for the Orb.
     0 | D        | Reached XP level 1. HP: 10/10 MP: 2/2
   207 | D        | Found a radiant altar of Vehumet.
   207 | D        | Found a hide-covered altar of Uskayaw.
   207 | D        | Found an ancient bone altar of Kikubaaqudgha.
   207 | D        | Found a viscous altar of Jiyva.
   207 | D        | Found a hazy altar of Hepliaklqana.
   208 | D        | Found a bloodstained altar of Trog.
   208 | D        | Found a deep blue altar of Sif Muna.
   208 | D        | Found a sacrificial altar of Ru.
   208 | D        | Found a stormy altar of Qazlal.
   208 | D        | Found an iron altar of Okawaru.
   208 | D        | Found a sparkling altar of Nemelex Xobeh.
   208 | D        | Found an opulent altar of Gozag.
   208 | D        | Found a blossoming altar of Fedhas.
   208 | D        | Found a white marble altar of Elyvilon.
   208 | D        | Found a shadowy altar of Dithmenos.
   208 | D        | Found a snail-covered altar of Cheibriados.
   209 | D        | Found a glowing golden altar of the Shining One.
   209 | D        | Found a glowing silver altar of Zin.
   211 | D        | Found a roughly hewn altar of Beogh.
   211 | D        | Found a burning altar of Makhleb.
   211 | D        | Found a basalt altar of Yredelemnul.
   212 | D        | Found a shattered altar of Ashenzari.
   212 | D        | Found a corrupted altar of Lugonu.
   212 | D        | Found a shimmering altar of Xom.
   214 | D        | Became a worshipper of Gozag Ym Sagoz the Greedy
   358 | D        | Reached skill level 5 in Unarmed Combat
   358 | D        | Reached XP level 2. HP: 7/14 MP: 3/3
   479 | D        | Noticed a centaur
   484 | D        | Reached skill level 5 in Dodging
   484 | D        | Shot with an arrow by a centaur

Skill      XL: |  1  2 |
---------------+-------+-----
Unarmed Combat | 5 |  5.4
Dodging        | 5 |  5.0
Fighting       | |  3.6

Action                   || total
-------------------------++-------
Melee: Unarmed           ||    25
       Bite              ||     6
  Use: Potion            ||     1
  Eat: Chunk             ||     1
Dodge: Dodged            ||    15
